 Seeded DCSS version 0.28-a0-1567-g1695149f81 (webtiles) character file.

Game seed: 5291 (custom seed)

137 knot the Chopper (level 5, 41/41 HPs)
             Began as a Demonspawn Berserker on Jan 20, 2022.
             Was a Believer of Trog.
             Quit the game on level 3 of the Dungeon.
             The game lasted 00:02:52 (3022 turns).

knot the Chopper (Demonspawn Berserker)             Turns: 3022, Time: 00:02:53

Health: 41/41      AC:  2    Str: 17    XL:     5   Next: 0%
Magic:  5/5        EV: 12    Int: 11    God:    Trog [**....]
Gold:   96         SH:  0    Dex: 12    Spells: 4/4 levels left

rFire   . . .      SeeInvis .   a - +0 hand axe
rCold   . . .      Faith    .   (no shield)
rNeg    . . .      Spirit   .   b - +0 animal skin
rPois   .          Reflect  .   (no helmet)
rElec   .          Harm     .   (no cloak)
rCorr   .          Rampage  .   (no gloves)
Will    +....                   (no boots)
Stlth   +.........              (no amulet)
HPRegen 0.13/turn               j - ring of willpower
MPRegen 0.09/turn               (no ring)

@: no status effects
A: powered by death 1, spiny 1
a: Renounce Religion, Berserk, Trog's Hand


You were on level 3 of the Dungeon.
You worshipped Trog.
Trog was pleased with you.
You visited 1 branch of the dungeon, and saw 3 of its levels.

You collected 96 gold pieces.

Inventory:

Hand Weapons
 a - a +0 hand axe (weapon)
Missiles
 h - 41 stones (quivered)
 p - 18 sling bullets
Armour
 b - a +0 animal skin (worn)
Jewellery
 j - a ring of willpower (left hand)
Wands
 l - a wand of paralysis (3)
Scrolls
 c - a scroll of enchant weapon {unknown}
 f - a scroll of magic mapping {unknown}
 g - a scroll of enchant armour {unknown}
 k - 2 scrolls of noise {unknown}
 m - a scroll of fog {unknown}
 n - a scroll of acquirement {unknown}
 o - a scroll of teleportation {unknown}
Potions
 d - a potion of resistance {unknown}
 e - 3 potions of degeneration {unknown}
 i - a potion of mutation {unknown}
 q - a potion of heal wounds {unknown}
 r - a potion of might {unknown}


   Skills:
 - Level 3.0 Fighting
 + Level 5.2 Axes
 - Level 1.7 Armour
 - Level 1.7 Dodging


You had 4 spell levels left.
You didn't know any spells.
Your spell library contained the following spells:

 Spells                   Type           Power      Damage    Failure   Level
 Freezing Cloud           Conj/Ice/Air   0%         6-21      100%        5
 Simulacrum               Ice/Necr       0%         N/A       100%        6
 Polar Vortex             Ice            0%         N/A       100%        9


Dungeon Overview and Level Annotations

Branches:
Dungeon (3/15)

Altars:


Innate Abilities, Weirdness & Mutations

You regenerate a little health from kills.
You are partially covered in sharp spines.


Message History

You slam the door shut with a bang!
You feel a strong urge to attack something.
You start resting.
You are no longer berserk.
You are exhausted.
You feel yourself slow down.
You start resting.
You feel yourself speed up.
You start resting.
You recover from your berserk rage.
You start resting.
HP restored.
You see here a scarf of harm.
As you open the door, it creaks loudly!
There is an open door, spattered with blood here.
Things that are here:
a +0 dagger; a +0 robe; an orc corpse
Items here: )) [ †.
Things that are here:
a +0 dagger; a +0 robe; an orc corpse
Items here: ))) [ ††.
r - a glowing amethyst potion No target in view!
You open the door.
A jackal comes into view.
The jackal barks!
A jackal comes into view.
There are monsters nearby!
There is an open door here.
The jackal barks!
You hit the jackal.
The jackal is heavily wounded.
The jackal bites you but does no damage.
You hit the jackal.
You kill the jackal!
Trog accepts your kill.
You have reached level 5!
Your demonic ancestry asserts itself...
Sharp spines emerge from parts of your body.
Are you sure you want to abandon this character and quit the game? (Confirm with "yes".)

##.## ... ... ... ##.#
..# #. #h# #.# ##@##
#.# ##...## #.#
##.....## ###.##
##.......## ##.#..#
#........)####.[.#.###
+........)'.........†.
#........)####.....###
##.......## ##.#.##
........## ###.#


You could see a jackal.

Vanquished Creatures
  An orc wizard (D:3)
  3 gnolls (D:3)
  2 adders
  2 worms (D:2)
  3 dart slugs
  5 orcs (D:3)
  4 bats
  2 endoplasms
  3 goblins
  5 hobgoblins
  A jackal (D:3)
  2 kobolds
  2 quokkas
  9 ball pythons
  3 frilled lizards
  5 rats
52 creatures vanquished.

Notes
Turn   | Place    | Note
-------+----------+-------------------------------------------
     0 | D:1      | knot the Demonspawn Berserker began the quest for the Orb.
     0 | D:1      | Reached XP level 1. HP: 18/18 MP: 1/1
   235 | D:1      | Found a faded altar of an unknown god.
   537 | D:1      | Reached skill level 3 in Axes
   948 | D:1      | Gained mutation: You regenerate a little health from kills.
                  | [demonic ancestry]
   948 | D:1      | Reached XP level 2. HP: 24/24 MP: 2/2
  1534 | D:2      | Reached XP level 3. HP: 25/29 MP: 3/3
  1686 | D:2      | Reached skill level 4 in Axes
  2464 | D:3      | Reached XP level 4. HP: 35/35 MP: 4/4
  2875 | D:3      | Reached skill level 5 in Axes
  2875 | D:3      | Reached ** piety under Trog
  3022 | D:3      | Gained mutation: You are partially covered in sharp spines.
                  | [demonic ancestry]
  3022 | D:3      | Reached XP level 5. HP: 41/41 MP: 5/5
  3022 | D:3      | Quit the game

Illustrated notes

Levels and vault maps discovered:
D:1:      dpeg_arrival_ternary, layout_basic, ebering_ecumenical_altar_mist
D:2:      layout_rooms, chequers_serial_rivers_micro_b, palyth_stone_intersect,
          st_stairs_7
D:3:      layout_loops_corners, mainiacjoe_overflow_alcove_4

Skill      XL: |  1  2  3  4 |
---------------+-------------+-----
Axes           | 3 4 5 |  5.2
Fighting       | |  3.0
Armour         | |  1.7
Dodging        | |  1.7

Action                   |  1- 3 |  4- 6 || total
-------------------------+-------+-------++-------
Melee: Hand axe          |    93 |    39 ||   132
       Punch             |     3 |       ||     3
Invok: Berserk           |     1 |     2 ||     3
Evoke: Wand              |     2 |       ||     2
 Stab: Sleeping          |     3 |       ||     3
       Paralysed         |     4 |       ||     4
Armor: Animal skin       |    12 |     7 ||    19
Dodge: Dodged            |    58 |    20 ||    78

Table legend: (Time is in decaauts)
 A = Elapsed time spent in this place.
 B = Non-inter-level travel time spent in this place.
 C = Inter-level travel time spent in this place.
 D = Time resting spent in this place.
 E = Time spent auto-exploring this place.
 F = Levels seen in this place.
 G = Mean time per level.
                   A        B        C        D        E       F      G
               +--------+--------+--------+--------+--------+-----+--------+
         Total |   3067 |   3001 |     66 |    435 |   2265 |   3 | 1022.3 |
       Dungeon |   3067 |   3001 |     66 |    435 |   2265 |   3 | 1022.3 |
               +--------+--------+--------+--------+--------+-----+--------+

Top non-repeatable levels by time:
     D:1: 1392 daAuts
     D:2: 964 daAuts
     D:3: 711 daAuts
